Map: Orbital Shipyard

Players

LilDicky - Winner!

  • Race: Terran Terran
  • League: Diamond

BlackRa

  • Race: Protoss Protoss
  • League: Silver

VOD

http://www.twitch.tv/tumescentpie

Description

Time

  • Played on: Nov. 23, 2015, 11:56 a.m.
  • Length: 3:32
Show
View Real Time Build Order
Export as new Build Order

LilDicky Terran - Winner!

Build Orders:  

Get SALT Encoding   

  12  0:01  SCV  
  13  0:13  SCV  
  14  0:18  Supply Depot  
  14  0:25  SCV  
  15  0:34  Refinery  
  15  0:39  SCV  
  16  0:45  Barracks  
  16  0:56  SCV  
  17  1:08  SCV  
  18  1:20  SCV  
  19  1:32  SCV  
  20  1:39  Factory  
  20  1:40  Marine  
  20  1:43  Supply Depot  
  20  1:45  Orbital Command  
  21  1:58  Marine  
  22  2:08  Barracks  
  22  2:10  Barracks  
  22  2:11  SCV  
  23  2:17  Barracks Reactor  
  23  2:23  SCV, Refinery  
  24  2:33  Supply Depot  
  24  2:35  SCV  
  25  2:42  Widow Mine  
  27  2:53  SCV  
  27  2:54  Marine  
  27  2:58  Barracks Tech Lab x2, Marine  
  29  3:03  Supply Depot  
  29  3:05  SCV  
  31  3:11  Marine  
Show
View Real Time Build Order
Export as new Build Order

BlackRa Protoss 

Build Orders:  

Get SALT Encoding   

  12  0:04  Probe (Chrono Boost)  
  13  0:15  Probe (Chrono Boost)  
  14  0:22  Pylon  
  14  0:26  Probe (Chrono Boost)  
  15  0:40  Probe (Chrono Boost)  
  15  0:41  Gateway  
  16  0:47  Assimilator  
  16  0:52  Probe (Chrono Boost)  
  17  1:03  Probe (Chrono Boost)  
  18  1:13  Probe (Chrono Boost)  
  19  1:24  Probe (Chrono Boost)  
  20  1:35  Probe (Chrono Boost)  
  21  1:45  Cybernetics Core  
  21  1:49  Probe (Chrono Boost)  
  21  1:53  Nexus  
  22  1:56  Assimilator  
  22  2:09  Pylon  
  22  2:15  Probe (Chrono Boost)  
  23  2:28  Probe (Chrono Boost)  
  24  2:35  Adept  
  26  2:39  Mothership Core (Chrono Boost)  
  28  2:44  Gateway  
  28  2:48  Pylon  
  28  2:57  Probe (Chrono Boost)  
  29  3:02  Stalker  
  31  3:06  Probe (Chrono Boost)  
  31  3:07  Probe (Chrono Boost)  
  33  3:16  Probe (Chrono Boost)  
  33  3:18  Probe (Chrono Boost)  
  33  3:29  Forge  
Tags
 
Add a new tag
Caveats
  • Supply blocks, unpowered buildings, or Contaminate may cause inaccurate times.
  • Supply counts are checked every 10 seconds.